Match 46738807
Unlisted

Match 46738807
End
Construct Infanterie Kompanie
Grenadier Squad
MG 42 Machine Gun Team
Grenadier Squad
Construct Panzergrenadier Kompanie
Panzergrenadier Squad
251 Medium Carrier
Selects Breakthrough Battlegroup
Selects Assault Grenadiers
Selects Breakthrough
Selects Mechanized Assault Group
Mechanized Assault Group
Pak 40 Anti-tank Gun Team
Construct Panzer Kompanie
MG 42 Machine Gun Team
Panzer IV Medium Tank
AI Takeover
ETZUMD
dark.willow121
JBQuib
Cpt Darling
0
0

Comments sign in to comment!

No comments posted yet!